Map: 黑暗杀星

Players

邀月

  • Race: Protoss Protoss
  • League: Master
  • Spawn Location: 5:00

麦田里的小青蛙

  • Race: Terran Terran
  • Spawn Location: 5:00

VOD

Have the link to the VOD?

Description

Time

  • Played on: March 14, 2018, 9:47 a.m.
  • Length: 11:10
Show
View Real Time Build Order
Export as new Build Order

邀月 Protoss 

Build Orders:  

Get SALT Encoding   

  12  0:05  Probe (Chrono Boost)  
  13  0:17  Probe (Chrono Boost)  
  14  0:29  Probe (Chrono Boost)  
  15  0:31  Pylon  
  15  0:41  Probe (Chrono Boost)  
  16  0:53  Probe (Chrono Boost)  
  16  0:56  Assimilator  
  17  1:01  Assimilator  
  17  1:04  Probe (Chrono Boost)  
  18  1:16  Probe (Chrono Boost)  
  19  1:20  Robotics Facility  
  19  1:28  Probe (Chrono Boost)  
  21  1:40  Probe (Chrono Boost)  
  21  1:52  Probe (Chrono Boost)  
  21  1:53  Stargate  
  21  1:59  Fleet Beacon  
  22  2:05  Probe (Chrono Boost)  
  23  2:10  Taldarin's A.I. Personality  
  23  2:18  Probe (Chrono Boost)  
  24  2:48  Immortal  
  24  2:57  Carrier  
  28  3:01  Clolarion's A.I. Personality  
  34  3:38  Interdictors  
  34  3:43  Robotics Bay  
  34  3:59  Mojo's A.I. Personality  
  34  4:18  Gateway  
  34  4:57  Colossus, Scout  
  34  4:59  Gravimetric Overload  
  31  5:00  Warbringer's A.I. Personality  
  43  5:01  Pylon  
  43  5:13  Cybernetics Core  
  43  5:59  Kaldalis' A.I. Personality  
  43  6:05  Legionnaire  
  46  6:14  Twilight Council  
  46  6:15  Warp Gate  
  46  6:19  Gateway  
  46  6:22  Gateway  
  46  6:29  Purification Blast  
  46  6:47  Immortal  
  50  7:11  Empowered Blades  
  50  7:30  Talis' A.I. Personality  
  50  7:37  Gateway  
  50  7:40  Gateway  
  50  7:44  Pylon  
  50  7:52  Scout  
  50  8:00  Pylon  
  50  8:11  Conservator  
  50  8:12  Adept  
  50  8:13  Legionnaire  
  57  8:31  Debilitation System  
  57  8:41  Legionnaire  
  57  8:42  Legionnaire  
  57  8:47  Pylon  
  61  9:14  Conservator, Legionnaire x2  
  61  9:15  Legionnaire  
  72  9:46  Legionnaire  
Show
View Real Time Build Order
Export as new Build Order

麦田里的小青蛙 Terran 

Build Orders:  

Get SALT Encoding   

Tags
 
Commander
FenixRaynor
League
Master
Matchup
Co-op
Replay Pack
Co-op Speedrun
Add a new tag
Caveats
  • Supply blocks, unpowered buildings, or Contaminate may cause inaccurate times.
  • Supply counts are checked every 10 seconds.